 Dungeon Crawl Stone Soup version 0.28.0-43-g3370ac3207 (webtiles) character file.

Game seed: 10901486123908296289

6417 theElss the Fighter (level 10, -20/99 HPs)
             Began as a Gargoyle Berserker on Mar 18, 2022.
             Was an Elder of Trog.
             Demolished by an orc knight
             ... wielding a +0 war axe
              (27 damage)
             ... in a bailey.
             The game lasted 00:14:14 (9354 turns).

theElss the Fighter (Gargoyle Berserker)            Turns: 9354, Time: 00:14:14

Health: -20/99     AC: 18    Str: 24    XL:     10   Next: 98%
Magic:  10/10      EV: 13    Int:  7    God:    Trog [****..]
Gold:   630        SH:  3    Dex: 11    Spells: 9/9 levels left

rFire   + . .      SeeInvis .   d - +8 hand axe "Xecirr" {drain, rF+ rC+}
rCold   + . .      Faith    +   B - +0 buckler
rNeg    + . .      Spirit   .   k - +0 ring mail
rPois   ∞          Reflect  .   K - +0 helmet
rElec   +          Harm     .   M - +0 cloak
rCorr   .          Rampage  .   m - +0 pair of gloves
Will    .....                   (no boots)
Stlth   ..........              s - amulet of faith
HPRegen 0.26/turn               (no ring)
MPRegen 0.12/turn               (no ring)

@: berserking (expiring), very quick
A: sickness immunity, AC +7, negative energy resistance 1, electricity
resistance, torment resistance 1, petrification resistance
a: Renounce Religion, Berserk, Trog's Hand, Brothers in Arms


You were in a bailey.
You worshipped Trog.
Trog was greatly pleased with you.
You visited 1 branch of the dungeon, and saw 9 of its levels.
You also visited: Bailey.

You collected 630 gold pieces.

Inventory:

Hand Weapons
 a - a +0 mace
 d - the +8 hand axe "Xecirr" (weapon) {drain, rF+ rC+}
   (You found it on level 2 of the Dungeon)

   A truly terrible weapon, it drains the life of any living foe it strikes.
   rF:        It protects you from fire.
   rC:        It protects you from cold.
Missiles
 F - 3 throwing nets (quivered)
Armour
 k - a +0 ring mail (worn)
 m - a +0 pair of gloves (worn)
 B - a +0 buckler (worn)
 K - a +0 helmet (worn)
 M - a +0 cloak (worn)
Jewellery
 i - an amulet of guardian spirit
 s - an amulet of faith (around neck)
 t - an amulet of reflection
 y - a +6 ring of dexterity
 H - a ring of magical power
Wands
 b - a wand of iceblast (14)
 r - a wand of charming (36)
Scrolls
 f - a scroll of noise {unknown}
 j - 3 scrolls of enchant weapon {unknown}
 l - a scroll of fear {unknown}
 o - a scroll of teleportation {unknown}
 q - a scroll of torment {unknown}
 w - a scroll of magic mapping {unknown}
 z - a scroll of summoning {unknown}
 A - a scroll of blinking {unknown}
 D - a scroll of immolation {unknown}
 G - a scroll of enchant armour {unknown}
 I - a scroll of silence {unknown}
 L - a scroll of vulnerability {unknown}
Potions
 c - a potion of flight {unknown}
 e - 3 potions of heal wounds
 n - 3 potions of attraction
 p - 4 potions of mutation
 u - a potion of magic {unknown}
 v - 2 potions of curing
 x - a potion of lignification {unknown}
 C - a potion of berserk rage {unknown}
 E - a potion of might {unknown}
 J - 2 potions of invisibility {unknown}


   Skills:
 + Level 9.6 Fighting
 + Level 8.7 Maces & Flails
 + Level 9.2 Armour
 + Level 7.0 Dodging


You had 9 spell levels left.
You didn't know any spells.
Your spell library was empty.

Dungeon Overview and Level Annotations

Branches:
Dungeon (9/15)             Temple (0/1) D:7          Bailey (1/1)
   Lair: D:8-11         Orc: D:9-12

Altars:
Dithmenos
Fedhas
Hepliaklqana
Kikubaaqudgha
Makhleb
Qazlal
Sif Muna
Vehumet
Yredelemnul

Shops:
D:7 :   D:9 *


Innate Abilities, Weirdness & Mutations

You are immune to sickness and miasma.
Your stone body is resilient. (AC +7)
You are immune to poison.
You resist negative energy. (rN+)
You are resistant to electric shocks. (rElec)
You are resistant to unholy torment.
You are immune to petrification.


Message History

You block the orc knight's attack.
Unknown command.
You hit the kobold brigand. You drain the kobold brigand.
The kobold brigand is severely wounded.
You hit the orc knight. You drain the orc knight. You slash the orc knight!
You slash the kobold brigand! You drain the kobold brigand.
The orc knight hits you with a +0 war axe!
Unknown command.
You slash the orc knight! You drain the orc knight.
The orc knight is moderately wounded.
You miss the orc knight. You slash the kobold brigand!
You kill the kobold brigand!
Trog accepts your kill.
You slash the kobold brigand! You drain the kobold brigand.
The kobold brigand hits you but does no damage.
The orc knight hits you with a +0 war axe!
A kobold brigand comes into view.
It is wielding a +0 war axe and quivering poisoned darts.
The kobold brigand shouts!
You hear a shout!
The kobold brigand hits you with a +0 war axe!
The orc warrior hits you with a +0 war axe!!
The orc knight hits you with a +0 war axe!
* * * LOW HITPOINT WARNING * * *
You barely miss the orc knight.
The orc knight is moderately wounded.
You hit the orc warrior. You hit the kobold brigand.
You kill the kobold brigand!
Trog accepts your kill.
You slash the orc knight!
The orc knight hits you with a +0 war axe!
* * * LOW HITPOINT WARNING * * *
The orc warrior hits you with a +0 war axe!
* * * LOW HITPOINT WARNING * * *
The orc knight closely misses you.
An orc knight comes into view. It is wielding a +0 war axe.
Unknown command.
You barely miss the orc knight.
The orc knight is moderately wounded.
You barely miss the orc knight. You hit the orc warrior.
The orc knight hits you with a +0 war axe!!
You die...

##.o(..## #...8...#
#∩:...(∩# #.....#
####'''####
##≈.......≈##
#####≈≈.o.....≈≈#####
#...)≈≈)@o....≈≈....#
#.###≈≈).o....≈≈###.#
#....≈≈.......≈≈....#
#.###≈≈.......≈≈###.#
..≈≈.......≈≈....#
###≈≈.......≈≈###.#
..≈≈.......≈≈....#
##≈≈.......≈≈###.#
.≈≈.......≈≈....#


You could see 3 orc knights and an orc warrior (strong).

Vanquished Creatures
  Harold (D:7)
  Pikel (D:6)
  Joseph (D:7)
  Grinder (D:3)
  Sigmund (D:3)
  A vampire (D:8)
  A wyvern (D:9)
  2 water moccasins (D:7)
  4 orc warriors
  2 ice beasts (D:6)
  2 sky beasts (D:7)
  3 necrophages
  4 centaurs
  2 phantoms
  7 kobold brigands
  7 bullfrogs
  5 scorpions
  13 killer bees
  9 wights (D:6)
  A jelly (D:4)
  2 hounds (D:5)
  2 orc priests
  A scorpion zombie (D:5)
  A centaur skeleton (D:5)
  Ijyb (D:5)
  Jessica (D:3)
  An iguana (D:4)
  Natasha (D:4)
  2 orc wizards
  A killer bee zombie (D:7)
  2 hound skeletons (D:4)
  A howler monkey zombie (D:9)
  A howler monkey skeleton (D:4)
  4 adders
  3 ufetubi
  3 adder skeletons (D:5)
  A worm (D:2)
  A dart slug (D:4)
  14 orcs
  2 bats
  6 endoplasms
  3 goblins
  4 hobgoblins
  5 jackals
  26 kobolds
  5 quokkas
  7 ball pythons
  2 frilled lizards
  5 rats
176 creatures vanquished.

Vanquished Creatures (others)
  5 toadstools (D:1)
5 creatures vanquished.

Grand Total: 181 creatures vanquished

Notes
Turn   | Place    | Note
-------+----------+-------------------------------------------
     0 | D:1      | theElss the Gargoyle Berserker began the quest for the Orb.
     0 | D:1      | Reached XP level 1. HP: 14/14 MP: 1/1
   266 | D:1      | Reached XP level 2. HP: 19/19 MP: 2/2
   685 | D:1      | Found a faded altar of an unknown god.
  1199 | D:2      | Reached XP level 3. HP: 22/23 MP: 3/3
  2061 | D:2      | Identified the +8 hand axe "Xecirr" {drain, rF+ rC+}
  2429 | D:2      | Reached XP level 4. HP: 29/29 MP: 4/4
  2745 | D:3      | Noticed Grinder
  2758 | D:3      | Paralysed by Grinder for 4 turns
  2826 | D:3      | Killed Grinder
  2827 | D:3      | Reached XP level 5. HP: 34/34 MP: 5/5
  2827 | D:3      | Reached XP level 6. HP: 39/39 MP: 6/6
  2915 | D:3      | Noticed Jessica
  2922 | D:3      | Killed Jessica
  2968 | D:3      | Found a stormy altar of Qazlal.
  2974 | D:3      | Noticed Sigmund
  2980 | D:3      | Killed Sigmund
  2981 | D:3      | Reached skill level 5 in Fighting
  2981 | D:3      | Reached XP level 7. HP: 44/44 MP: 7/7
  3030 | D:3      | Found an ancient bone altar of Kikubaaqudgha.
  3761 | D:4      | Reached skill level 5 in Maces & Flails
  3874 | D:4      | Noticed Natasha
  3880 | D:4      | Killed Natasha
  3880 | D:4      | Reached ** piety under Trog
  3890 | D:4      | Reached skill level 5 in Armour
  3921 | D:4      | Found a blossoming altar of Fedhas.
  4387 | D:5      | Entered Level 5 of the Dungeon
  4443 | D:5      | Noticed Ijyb
  4456 | D:5      | Killed Ijyb
  4503 | D:5      | Reached XP level 8. HP: 51/51 MP: 8/8
  4785 | D:5      | Found a shadowy altar of Dithmenos.
  4788 | D:5      | Found a burning altar of Makhleb.
  4792 | D:5      | Found a radiant altar of Vehumet.
  4914 | D:5      | Found a basalt altar of Yredelemnul.
  4917 | D:5      | Found a hazy altar of Hepliaklqana.
  4995 | D:5      | Found a shimmering blue altar of Sif Muna.
  5364 | D:6      | Noticed Pikel
  5373 | D:6      | Killed Pikel
  5374 | D:6      | Reached XP level 9. HP: 57/57 MP: 9/9
  5483 | D:6      | Reached skill level 5 in Dodging
  5966 | D:6      | Reached *** piety under Trog
  6437 | D:7      | Found Goulimm's Book Boutique.
  6660 | D:7      | Noticed Joseph
  6673 | D:7      | Killed Joseph
  6753 | D:7      | Noticed Harold
  6765 | D:7      | Killed Harold
  6766 | D:7      | Reached XP level 10. HP: 65/65 MP: 10/10
  7126 | D:7      | Found a staircase to the Ecumenical Temple.
  8812 | D:9      | Found Wouwang's Assorted Antiques.
  8821 | D:9      | Reached **** piety under Trog
  9113 | D:9      | Found a flagged portal.
  9133 | Bailey   | Entered a bailey
  9339 | Bailey   | Noticed an orc knight
  9343 | Bailey   | Noticed an orc knight
  9353 | Bailey   | Noticed an orc knight
  9354 | Bailey   | Demolished by an orc knight

Illustrated notes

Levels and vault maps discovered:
D:1:      dpeg_arrival_castle, layout_basic, ebering_ecumenical_altar_abandoned,
          minmay_gold_behind_fungi
D:2:      layout_loops_ring, grunt_ministairs_15
D:3:      layout_basic, mainiacjoe_overflow_catch_the_wave,
          minmay_misc_feat_iff, uniq_grinder, uniq_sigmund, uniq_jessica
D:4:      layout_gridville, amcnicky_altar_gilded, uniq_natasha
D:5:      layout_rooms, grunt_temple_overflow_diamond, lemuel_blue_sif_altar,
          nicolae_overflow_squiral, chequers_serial_rivers_micro_d,
          nrook_mini_vaults, uniq_ijyb
D:6:      layout_basic, uniq_pikel
D:7:      layout_rooms, minmay_temple_entry_nine_rooms, serial_shops, shop,
          uniq_joseph, uniq_harold
D:8:      layout_basic, chequers_avenue
D:9:      layout_stronghold, serial_shops, nicolae_shop_advertising_works
          [nicolae_subvault_shop_adworks], enter_bailey_2
Bailey:   bailey_axe_3, bailey

Skill      XL: |  1  2  3  4  5  6  7  8  9 10 |
---------------+-------------------------------+-----
Dodging        | 2 3 4 6 7 |  7.0
Armour         | 3 4 5 6 8 9 |  9.2
Fighting       | 4 5 7 8 9 |  9.6
Maces & Flails | 4 5 6 7 8 |  8.7

Action                   |  1- 3 |  4- 6 |  7- 9 | 10-12 || total
-------------------------+-------+-------+-------+-------++-------
Melee: Mace              |   104 |       |       |       ||   104
       Hand axe          |    10 |    29 |   234 |   195 ||   468
       Punch             |       |       |     1 |       ||     1
Invok: Berserk           |     4 |     3 |     6 |     4 ||    17
       Trog's Hand       |       |       |     1 |       ||     1
  Use: Scroll            |       |       |       |     6 ||     6
Armor: Animal skin       |    37 |     2 |       |       ||    39
       Leather armour    |       |     7 |       |       ||     7
       Ring mail         |       |       |   128 |   144 ||   272
Dodge: Dodged            |    69 |    18 |   129 |   208 ||   424
Block: Buckler           |       |       |     1 |    47 ||    48
